 Dungeon Crawl Stone Soup version 0.17.1-3-g152610e (webtiles) character file.

7109 dobroeutro the Fighter (level 11, -3/72 HPs)
             Began as a Gargoyle Fighter on Apr 26, 2016.
             Was an Elder of Okawaru.
             Slain by a troll (10 damage)
             ... on level 9 of the Dungeon on Apr 27, 2016.
             The game lasted 00:20:41 (7474 turns).

dobroeutro the Fighter (Gargoyle Fighter)           Turns: 7474, Time: 00:20:41

Health: -3/72      AC: 21    Str: 23    XL:     11   Next: 10%
Magic:  21/21      EV:  7    Int: 13    God:    Okawaru [****..]
Gold:   518        SH: 17    Dex: 10    Spells: 0 memorised, 10 levels left

rFire  . . .     SeeInvis .     O - +3 flail
rCold  + . .     Clarity  .     y - +2 ring mail {rC+}
rNeg   + . .     SustAt   +     o - +0 large shield
rPois  ∞         Gourm    .     Q - +3 hat of Pondering {ponderous, MR+ MP+10 Int+5}
rElec  +         Spirit   .     (no cloak)
rCorr  .         Warding  .     (no gloves)
rMut   +         Stasis   .     h - +0 pair of boots
MR     +....                    a - amulet of resist mutation
Stlth  ..........               s - ring of invisibility
                                r - ring of sustain attributes

@: slow, somewhat resistant to hostile enchantments, extremely unstealthy
A: negative energy resistance 1, electricity resistance, unbreathing,
petrification resistance, rot immunity, AC +7
a: Heroism, Renounce Religion, Evoke Invisibility


You were on level 9 of the Dungeon.
You worshipped Okawaru.
Okawaru was greatly pleased with you.
You were very hungry.

You visited 2 branches of the dungeon, and saw 10 of its levels.
You also visited: Ossuary.

You collected 518 gold pieces.

Inventory:

Hand Weapons
 I - a +0 morningstar
 O - a +3 flail (weapon)
Missiles
 M - 6 javelins of returning (quivered)
Armour
 b - a +0 scale mail
 c - a +1 shield
 h - a +0 pair of boots (worn)
 o - a +0 large shield (worn)
 y - a +2 ring mail of cold resistance (worn)
 Q - the +3 hat of Pondering (worn) {ponderous, MR+ MP+10 Int+5}
   (You took it off Gastronok on level 8 of the Dungeon)

   It affects your intelligence (+5).
   It affects your resistance to hostile enchantments.
   It affects your magic capacity (+10).
Jewellery
 a - an amulet of resist mutation (around neck)
 r - a ring of sustain attributes (left hand)
 s - a ring of invisibility (right hand)
Wands
 K - a wand of flame (34)
Scrolls
 f - 2 scrolls of enchant weapon
 g - a scroll of blinking {unknown}
 j - a scroll of random uselessness
 n - 4 scrolls of remove curse
 u - a scroll of immolation {unknown}
 x - 2 scrolls of fear
 B - 2 scrolls of fog {unknown}
 E - 2 scrolls of magic mapping {unknown}
 H - 2 scrolls of enchant armour
 L - 2 scrolls of identify
Potions
 d - 3 potions of might
 k - a potion of resistance
 l - 2 potions of degeneration
 m - a potion of lignification
 p - 4 potions of heal wounds
 q - 3 potions of invisibility {unknown}
 v - 2 potions of mutation {unknown}
 C - 5 potions of flight {unknown}
 D - a potion of cure mutation {unknown}
 F - 3 potions of brilliance {unknown}
 G - 2 potions of haste
 J - 2 potions of agility {unknown}
 P - a potion of poison {unknown}
Comestibles
 e - 2 bread rations
 t - 8 slices of pizza
 w - 5 fruits
 z - 5 beef jerkies
 A - 5 meat rations


   Skills:
 + Level 9.9 Fighting
 + Level 8.5 Maces & Flails
 + Level 9.8 Armour
 + Level 9.8 Shields


You had 10 spell levels left.
You didn't know any spells.

Dungeon Overview and Level Annotations

Branches:
Dungeon (9/15)             Temple (1/1) D:7             Orc (0/4) D:9
   Lair: D:8-11

Altars:
Ashenzari
Cheibriados
Dithmenos
Elyvilon
Fedhas
Gozag
Kikubaaqudgha
Makhleb
Okawaru
Qazlal
Ru
Sif Muna
Trog
Vehumet
Xom
Yredelemnul
Zin
The Shining One

Shops:
D:6 [


Innate Abilities, Weirdness & Mutations

You are resistant to torment.
Your stone body is resilient (AC +7).
You are immune to poison.
You resist negative energy.
You are resistant to electric shocks.
You can survive without breathing.
You are immune to petrification.
You are immune to rotting.


Message History

You are too injured to fight recklessly!
You are too injured to fight recklessly!
You are too injured to fight recklessly!
Drink which item? (? for menu, Esc to quit)
You feel better. You block the troll's attack.
The troll claws you but does no damage. You block the troll's attack.
The orc warrior hits you from afar with a glaive!
* * * LOW HITPOINT WARNING * * *
Drink which item? (? for menu, Esc to quit)
You feel better. You block the troll's attack. The troll claws you.
* * * LOW HITPOINT WARNING * * *
You block the troll's attack. The troll barely misses you.
You block the troll's attack. The troll claws you.
* * * LOW HITPOINT WARNING * * *
You block the troll's attack. x2
The troll claws you but does no damage. You block the troll's attack.
The troll claws you.
* * * LOW HITPOINT WARNING * * *
The troll claws you!
You die...

########.###### #.#
#..gK.........# #.#
####.######.####.# #.# ####
#.K..# #g# #.# #.#### #... #.#o.#
#K# #.# #....# #... #)##.# #o#
#.# #.##.# ###. #K##.######.#
##.###.##.#####...
.g.#.......#K###......##.##..#.=.
.#.##.####.#.o.T@.....##.##.....#
8#.#..# #.#####..######.##......
##.#(.# #.# ##.#÷## #.####....
......# #.# ##.###.## #.##....#.
.....## #.# #.## ##.# #..#....#.
.....##############.## #.....###.
##.###...........#.## #.......#.
##.# #...........'.#######.....#.
##.# #...........#.....#....#..#.


You could see a troll, an orc warrior and a big kobold.

Vanquished Creatures
  Gastronok (D:8)
  3 yaks (D:9)
  A steam dragon (D:7)
  A hungry ghost (D:7)
  A hippogriff (D:7)
  A human (D:7)
  Duvessa (D:5)
  3 orc warriors
  A black bear (D:7)
  A phantom (D:4)
  An eye of draining (D:4)
  2 ice beasts
  8 ogres
  4 centaurs
  2 big kobolds (D:9)
  An elf zombie (Ossuary)
  5 giant frogs
  Dowan (D:5)
  2 gnoll sergeants (D:9)
  5 scorpions
  8 wights
  A gnoll shaman (D:5)
  3 hounds
  2 crimson imps (D:7)
  3 centaur zombies (Ossuary)
  A jelly (D:5)
  A human zombie (Ossuary)
  An orc priest (D:7)
  Ijyb (D:2)
  A wasp zombie (D:8)
  A centaur skeleton (D:9)
  2 orc wizards (D:6)
  Jessica (D:2)
  11 worker ants
  3 iguanas
  A killer bee zombie (D:8)
  2 big kobold zombies (Ossuary)
  4 sheep (D:7)
  2 hound zombies
  A worker ant zombie (D:6)
  2 hound skeletons
  3 mummies (Ossuary)
  Robin (D:2)
  8 adders
  12 gnolls
  2 shadow imps
  An ooze (D:2)
  5 adder zombies (Ossuary)
  3 worms
  4 adder skeletons
  3 giant geckos
  13 orcs
  2 ball pythons
  6 giant cockroaches
  3 gnoll zombies (Ossuary)
  13 goblins
  7 hobgoblins
  4 jackals (D:9)
  3 quokkas
  5 bats
  2 giant gecko skeletons
  11 giant newts
  4 goblin zombies
  3 hobgoblin zombies (Ossuary)
  A jackal skeleton (D:5)
  8 jackal zombies
  5 kobolds
  3 kobold zombies (Ossuary)
  An orc zombie (Ossuary)
  3 quokka zombies
  7 rats
  A rat zombie (Ossuary)
244 creatures vanquished.

Notes
Turn   | Place    | Note
--------------------------------------------------------------
     0 | D:1      | dobroeutro the Gargoyle Fighter began the quest for the Orb.
     0 | D:1      | Reached XP level 1. HP: 14/14 MP: 1/1
   222 | D:1      | Reached XP level 2. HP: 19/19 MP: 2/2
   727 | D:2      | Reached XP level 3. HP: 21/23 MP: 3/3
   735 | D:2      | Noticed Jessica
   735 | D:2      | Noticed Robin
   752 | D:2      | Killed Robin
  1152 | D:2      | Reached XP level 4. HP: 25/29 MP: 4/4
  1158 | D:2      | Reached skill level 4 in Shields
  1268 | D:2      | Killed Jessica
  1504 | D:2      | Noticed Ijyb
  1525 | D:2      | Killed Ijyb
  1525 | D:2      | Reached XP level 5. HP: 33/33 MP: 5/5
  1601 | D:3      | Found a blossoming altar of Fedhas.
  2323 | D:4      | Noticed a phantom
  2379 | D:4      | Killed a phantom
  2379 | D:4      | Reached XP level 6. HP: 33/39 MP: 6/6
  2433 | D:4      | Found a bloodstained altar of Trog.
  2434 | D:4      | Noticed an eye of draining
  2452 | D:4      | Killed an eye of draining
  2493 | D:4      | Reached skill level 5 in Shields
  2511 | D:4      | Noticed an ogre
  2594 | D:4      | Killed an ogre
  2594 | D:4      | Reached skill level 5 in Fighting
  2594 | D:4      | Reached skill level 5 in Armour
  2594 | D:4      | Reached XP level 7. HP: 44/44 MP: 2/7
  2659 | D:4      | Found a shattered altar of Ashenzari.
  2662 | D:4      | Found a shimmering altar of Xom.
  2665 | D:4      | Found a glowing silver altar of Zin.
  3000 | D:5      | Entered Level 5 of the Dungeon
  3365 | D:5      | Noticed Dowan
  3366 | D:5      | Noticed Duvessa
  3389 | D:5      | Killed Duvessa
  3398 | D:5      | Killed Dowan
  3398 | D:5      | Reached XP level 8. HP: 15/51 MP: 8/8
  3449 | D:5      | Found a sand-covered staircase.
  3458 | Ossuary  | Entered an ossuary
  3707 | Ossuary  | Reached skill level 6 in Fighting
  3870 | Ossuary  | Reached skill level 5 in Maces & Flails
  4412 | D:5      | Found a blossoming altar of Fedhas.
  4412 | D:5      | Found a shadowy altar of Dithmenos.
  4611 | D:6      | Found Emagidel's Armour Boutique.
  4746 | D:6      | Reached skill level 7 in Fighting
  4839 | D:6      | Reached XP level 9. HP: 52/57 MP: 9/9
  5516 | D:7      | Found a staircase to the Ecumenical Temple.
  5551 | Temple   | Entered the Ecumenical Temple
  5579 | Temple   | Became a worshipper of Warmaster Okawaru
  5726 | D:7      | Reached skill level 8 in Fighting
  5761 | D:7      | Reached * piety under Okawaru
  5935 | D:7      | Reached XP level 10. HP: 15/65 MP: 10/10
  6350 | D:8      | Reached ** piety under Okawaru
  6445 | D:8      | Noticed Gastronok
  6474 | D:8      | Killed Gastronok
  6474 | D:8      | Reached *** piety under Okawaru
  6474 | D:8      | Reached skill level 9 in Fighting
  7351 | D:9      | Reached XP level 11. HP: 59/72 MP: 11/11
  7377 | D:9      | Found a staircase to the Orcish Mines.
  7420 | D:9      | Reached **** piety under Okawaru
  7474 | D:9      | Slain by a troll

Action                   |  1- 3 |  4- 6 |  7- 9 | 10-12 || total
-------------------------+-------+-------+-------+-------++-------
Melee: Flail             |   122 |   218 |   629 |   290 ||  1259
       Spear             |       |    24 |    56 |       ||    80
Invok: Heroism           |       |       |       |     1 ||     1
  Use: Scroll            |       |     9 |     4 |     1 ||    14
       Potion            |       |       |     1 |     2 ||     3
  Eat: Chunk             |       |     3 |    11 |     4 ||    18
       Bread ration      |       |     1 |       |     1 ||     2
